TOP OF THE 1ST |
Los Angeles (DSL) Dodgers Mega batting - Pitching for Los Angeles (DSL) Dodgers Bautista : RHP Juan Garza
|
Pitching: RHP Juan Garza
|
|
Batting: RHB Julio Marchany
|
0-0: Ball 1-0: Ball 2-0: Foul Ball, location: 9LSF 2-1: Fly out, F7 (Flyball, 7, EV 84.4 MPH)
|
Batting: RHB Julio Mercedes
|
0-0: Swinging Strike 0-1: Foul Ball, location: 9LMFF 0-2: Strikes out swinging
|
Batting: RHB Ramiro Villasenor
|
0-0: Ball 1-0: Ball 2-0: Ball 3-0: Base on Balls
|
Batting: LHB Alexis Villarreal
|
0-0: Ball Ramiro Villasenor steals 2nd base 1-0: Ball 2-0: Ball 3-0: Base on Balls
|
Batting: LHB Juan Llamas
|
0-0: Ball 1-0: Called Strike 1-1: Swinging Strike 1-2: Ball 2-2: Foul Ball, location: 3FF 2-2: Strikes out swinging
|
Top of the 1st over - 0 runs, 0 hits, 0 errors, 2 left on base; Los Angeles (DSL) 0 - Los Angeles (DSL) 0 |
BOTTOM OF THE 1ST |
Los Angeles (DSL) Dodgers Bautista batting - Pitching for Los Angeles (DSL) Dodgers Mega : RHP Jorge Reynoso
|
Pitching: RHP Jorge Reynoso
|
|
Batting: RHB Edgar Pacheco
|
0-0: Ground out 5-3 (Groundball, 56, EV 86.3 MPH)
|
Batting: RHB Daniel Mireles
|
0-0: Ball 1-0: Called Strike 1-1: Swinging Strike 1-2: Ball 2-2: Strikes out swinging
|
Batting: LHB Ezequiel Villalobos
|
0-0: Called Strike 0-1: Foul Ball, location: 2LF 0-2: Ball 1-2: SINGLE (Line Drive, 8LS, EV 105.0 MPH)
|
Batting: RHB Nelson Santizo
|
0-0: Ball Ezequiel Villalobos steals 2nd base 1-0: Ground out 5-3 (Groundball, 56, EV 86.3 MPH)
|
Bottom of the 1st over - 0 runs, 1 hit, 0 errors, 1 left on base; Los Angeles (DSL) 0 - Los Angeles (DSL) 0 |
TOP OF THE 2ND |
Los Angeles (DSL) Dodgers Mega batting - Pitching for Los Angeles (DSL) Dodgers Bautista : RHP Juan Garza
|
Batting: LHB Luis Luces
|
0-0: Swinging Strike 0-1: Bunt - Flyout to 13! F1
|
Batting: RHB Andres Arellano
|
0-0: Foul Ball, location: 3SF 0-1: Foul Ball, location: 2F 0-2: Fly out, F6 (Popup, 6M, EV 56.9 MPH)
|
Batting: LHB Luis Barba
|
0-0: Swinging Strike 0-1: Ball 1-1: Foul Ball, location: 2F 1-2: Foul Ball, location: 3F 1-2: Fly out, F8 (Flyball, 8LXD, EV 98.1 MPH)
|
Top of the 2nd over - 0 runs, 0 hits, 0 errors, 0 left on base; Los Angeles (DSL) 0 - Los Angeles (DSL) 0 |
BOTTOM OF THE 2ND |
Los Angeles (DSL) Dodgers Bautista batting - Pitching for Los Angeles (DSL) Dodgers Mega : RHP Jorge Reynoso
|
Batting: RHB Juan Mercedes
|
0-0: Ball 1-0: Foul Ball, location: 3F 1-1: SINGLE (Groundball, 6MD, EV 106.9 MPH)
|
Batting: SHB Micha'el Pirbright
|
0-0: Sac Bunt to 3S - play at first, batter OUT! 3-1 Juan Mercedes to second
|
Batting: RHB Luis Miramontes
|
0-0: Called Strike 0-1: Ball 1-1: Ball 2-1: Fly out, F4 (Popup, 4S, EV 84.4 MPH)
|
Batting: SHB Esteban Garza
|
0-0: SINGLE (Groundball, 3D, EV 98.8 MPH) Juan Mercedes to third
|
Batting: RHB Frank Mendoza
|
0-0: Ball 1-0: Fly out, F8 (Flyball, 8RS, EV 91.9 MPH)
|
Bottom of the 2nd over - 0 runs, 2 hits, 0 errors, 2 left on base; Los Angeles (DSL) 0 - Los Angeles (DSL) 0 |
TOP OF THE 3RD |
Los Angeles (DSL) Dodgers Mega batting - Pitching for Los Angeles (DSL) Dodgers Bautista : RHP Juan Garza
|
Batting: LHB Alfredo Bernal
|
0-0: SOLO HOME RUN (Flyball, 89XD, EV 98.8 MPH), Distance : 391 ft
|
Batting: RHB Julio Marchany
|
0-0: Called Strike 0-1: Fly out, F4 (Popup, 4, EV 72.5 MPH)
|
Batting: RHB Julio Mercedes
|
0-0: Called Strike 0-1: Called Strike 0-2: Fly out, F7 (Line Drive, 7S, EV 89.4 MPH)
|
Batting: RHB Ramiro Villasenor
|
0-0: Swinging Strike 0-1: Called Strike 0-2: Foul Ball, location: 9LSF 0-2: Ball 1-2: Ball 2-2: Ball 3-2: Strikes out swinging
|
Top of the 3rd over - 1 run, 1 hit, 0 errors, 0 left on base; Los Angeles (DSL) 1 - Los Angeles (DSL) 0 |
BOTTOM OF THE 3RD |
Los Angeles (DSL) Dodgers Bautista batting - Pitching for Los Angeles (DSL) Dodgers Mega : RHP Jorge Reynoso
|
Batting: RHB Edgar Pacheco
|
0-0: Called Strike 0-1: Swinging Strike 0-2: Ball 1-2: Ball 2-2: Foul Ball, location: 2F 2-2: Ball 3-2: TRIPLE (Flyball, 9LD, EV 109.4 MPH)
|
Batting: RHB Daniel Mireles
|
0-0: Foul Ball, location: 9LDF 0-1: Swinging Strike 0-2: Ball 1-2: Strikes out looking
|
Batting: LHB Ezequiel Villalobos
|
0-0: Fly out, F7 (Line Drive, 56D, EV 72.5 MPH)
|
Batting: RHB Nelson Santizo
|
0-0: Ball 1-0: Ball 2-0: Ball 3-0: Swinging Strike 3-1: Base on Balls
|
Batting: RHB Juan Mercedes
|
0-0: Ball 1-0: Foul Ball, location: 23FF 1-1: Called Strike 1-2: Fly out, F3 (Popup, 23, EV 86.9 MPH)
|
Bottom of the 3rd over - 0 runs, 1 hit, 0 errors, 2 left on base; Los Angeles (DSL) 1 - Los Angeles (DSL) 0 |
TOP OF THE 4TH |
Los Angeles (DSL) Dodgers Mega batting - Pitching for Los Angeles (DSL) Dodgers Bautista : RHP Juan Garza
|
Batting: LHB Alexis Villarreal
|
0-0: Ball 1-0: Foul Ball, location: 2F 1-1: Ball 2-1: Ball 3-1: Base on Balls
|
Batting: LHB Juan Llamas
|
0-0: Called Strike 0-1: Called Strike 0-2: Ball 1-2: DOUBLE (Line Drive, 9LM, EV 105.0 MPH) Alexis Villarreal to third
|
Batting: LHB Luis Luces
|
0-0: Foul Ball, location: 23F 0-1: Hit by Pitch
|
Batting: RHB Andres Arellano
|
0-0: Ball 1-0: Ball 2-0: Ball 3-0: Base on Balls Alexis Villarreal scores Juan Llamas to third Luis Luces to second
|
Batting: LHB Luis Barba
|
0-0: Ball 1-0: Called Strike 1-1: Foul Ball, location: 2F 1-2: Foul Ball, location: 2F 1-2: Foul Ball, location: 3F 1-2: Foul Ball, location: 2F 1-2: Foul Ball, location: 2F 1-2: Grounds into double play, 3-6-3 (Groundball, 34, EV 85.6 MPH) Juan Llamas scores Luis Luces to third
|
Batting: LHB Alfredo Bernal
|
0-0: Ball 1-0: Called Strike 1-1: Ball 2-1: Swinging Strike 2-2: Fly out, F8 (Flyball, 8RXD, EV 106.9 MPH)
|
Top of the 4th over - 2 runs, 1 hit, 0 errors, 1 left on base; Los Angeles (DSL) 3 - Los Angeles (DSL) 0 |
BOTTOM OF THE 4TH |
Los Angeles (DSL) Dodgers Bautista batting - Pitching for Los Angeles (DSL) Dodgers Mega : RHP Jorge Reynoso
|
Batting: SHB Micha'el Pirbright
|
0-0: Ball 1-0: Ball 2-0: Called Strike 2-1: SINGLE (Flyball, 6D, EV 90.6 MPH)
|
Batting: RHB Luis Miramontes
|
0-0: Ball 1-0: Ball 2-0: Called Strike 2-1: Bunted foul 2-2: Strikes out swinging
|
Batting: SHB Esteban Garza
|
0-0: Ball 1-0: Reached on error, E1 (Groundball, 13, EV 64.4 MPH) Micha'el Pirbright to second
|
Batting: RHB Frank Mendoza
|
0-0: Called Strike 0-1: Ball 1-1: Fly out, F3 (Popup, 3F, EV 80.6 MPH)
|
Batting: RHB Edgar Pacheco
|
0-0: Ball 1-0: Ball 2-0: Fly out, F4 (Popup, 34D, EV 70.6 MPH)
|
Bottom of the 4th over - 0 runs, 1 hit, 1 error, 2 left on base; Los Angeles (DSL) 3 - Los Angeles (DSL) 0 |
TOP OF THE 5TH |
Los Angeles (DSL) Dodgers Mega batting - Pitching for Los Angeles (DSL) Dodgers Bautista : RHP Juan Garza
|
Batting: RHB Julio Marchany
|
0-0: Called Strike 0-1: Called Strike 0-2: Ball 1-2: Ball 2-2: Ball 3-2: Base on Balls
|
Pitching: RHP Frank Peralta
|
|
Batting: RHB Julio Mercedes
|
0-0: Fly out, F6 (Popup, 6, EV 70.6 MPH)
|
Batting: RHB Ramiro Villasenor
|
0-0: Ball 1-0: SINGLE (Groundball, 6MD, EV 103.8 MPH) Julio Marchany to second Runner from 2nd tries for 3rd, SAFE, throw by CF made to third Ramiro Villasenor to second
|
Batting: LHB Alexis Villarreal
|
0-0: Foul Ball, location: 5SF 0-1: Called Strike 0-2: Foul Ball, location: 2F 0-2: Strikes out swinging
|
Batting: LHB Juan Llamas
|
0-0: Foul Ball, location: 3DF 0-1: Foul Ball, location: 23F 0-2: Ball 1-2: Ball 2-2: Ball 3-2: Base on Balls
|
Batting: LHB Luis Luces
|
0-0: Called Strike 0-1: Ball 1-1: Ball 2-1: Ball 3-1: Swinging Strike 3-2: Foul Ball, location: 2F 3-2: Foul Ball, location: 9LDF 3-2: Base on Balls Julio Marchany scores Ramiro Villasenor to third Juan Llamas to second
|
Pitching: RHP Luis Ortega
|
|
Batting: RHB Andres Arellano
|
0-0: Called Strike 0-1: SINGLE (Line Drive, 7S, EV 100.0 MPH) Ramiro Villasenor scores Juan Llamas to third Luis Luces to second
|
Batting: LHB Luis Barba
|
0-0: Foul Ball, location: 5DF 0-1: Foul Ball, location: 5F 0-2: Ball 1-2: GRAND SLAM HOME RUN (Line Drive, 9D, EV 95.0 MPH), Distance : 355 ft
|
Batting: LHB Alfredo Bernal
|
0-0: Swinging Strike 0-1: Fly out, F6 (Line Drive, 56D, EV 64.4 MPH)
|
Top of the 5th over - 6 runs, 3 hits, 0 errors, 0 left on base; Los Angeles (DSL) 9 - Los Angeles (DSL) 0 |
BOTTOM OF THE 5TH |
Los Angeles (DSL) Dodgers Bautista batting - Pitching for Los Angeles (DSL) Dodgers Mega : RHP Jorge Reynoso
|
Batting: RHB Daniel Mireles
|
0-0: Swinging Strike 0-1: Ball 1-1: Foul Ball, location: 3FF 1-2: Foul Ball, location: 9LDF 1-2: Ball 2-2: DOUBLE (Line Drive, 5D, EV 99.4 MPH)
|
Batting: LHB Ezequiel Villalobos
|
0-0: Ball 1-0: Ball 2-0: Ball 3-0: Called Strike 3-1: SINGLE (Groundball, 15S, EV 73.8 MPH) (infield hit) Daniel Mireles to third
|
Batting: RHB Nelson Santizo
|
0-0: Ball Ezequiel Villalobos steals 2nd base 1-0: Called Strike 1-1: Called Strike 1-2: Foul Ball, location: 5F 1-2: DOUBLE (Flyball, 89XD, EV 101.9 MPH) Daniel Mireles scores Ezequiel Villalobos scores
|
Batting: RHB Juan Mercedes
|
0-0: DOUBLE (Line Drive, 7LD, EV 106.9 MPH) Nelson Santizo scores
|
Pitching: LHP Rogelio Cardenas
|
|
Batting: SHB Micha'el Pirbright
|
0-0: Called Strike 0-1: Ball 1-1: Ball 2-1: Ball 3-1: Foul Ball, location: 2F 3-2: Foul Ball, location: 9LSF 3-2: Base on Balls
|
Batting: RHB Luis Miramontes
|
0-0: Called Strike 0-1: Grounds into double play, 5-4-3 (Groundball, 56, EV 96.9 MPH) Juan Mercedes to third
|
Pinch Hitting: LHB Alexis Atempa
|
0-0: Swinging Strike 0-1: Ball 1-1: 2-RUN HOME RUN (Flyball, 89XD, EV 103.1 MPH), Distance : 390 ft
|
Batting: RHB Frank Mendoza
|
0-0: Ball 1-0: Called Strike 1-1: SINGLE (Line Drive, 8RS, EV 90.6 MPH)
|
Batting: RHB Edgar Pacheco
|
0-0: Ball 1-0: Ball 2-0: Ball 3-0: Called Strike 3-1: Foul Ball, location: 2F 3-2: Ground out 1-3 (Groundball, 15S, EV 68.1 MPH)
|
Bottom of the 5th over - 5 runs, 6 hits, 0 errors, 1 left on base; Los Angeles (DSL) 9 - Los Angeles (DSL) 5 |
TOP OF THE 6TH |
Los Angeles (DSL) Dodgers Mega batting - Pitching for Los Angeles (DSL) Dodgers Bautista : RHP Luis Ortega
|
Now at 3B: Juan Serrano
|
|
Batting: RHB Julio Marchany
|
0-0: Ball 1-0: Ball 2-0: Called Strike 2-1: Ball 3-1: Foul Ball, location: 9LSF 3-2: Foul Ball, location: 3DF 3-2: Base on Balls
|
Batting: RHB Julio Mercedes
|
0-0: Fly out, F6 (Popup, 6S, EV 76.9 MPH)
|
Batting: RHB Ramiro Villasenor
|
0-0: Ball 1-0: Ball 2-0: Ball 3-0: Base on Balls Julio Marchany to second
|
Pitching: LHP Eddy Erazo
|
|
Batting: LHB Alexis Villarreal
|
0-0: Ball 1-0: Foul Ball, location: 2F 1-1: Foul Ball, location: 2F 1-2: Ball 2-2: Strikes out swinging
|
Batting: LHB Juan Llamas
|
0-0: Ball 1-0: Ball 2-0: Ball 3-0: Base on Balls Julio Marchany to third Ramiro Villasenor to second
|
Batting: LHB Luis Luces
|
0-0: Ball 1-0: Ball 2-0: Ball 3-0: Base on Balls Julio Marchany scores Ramiro Villasenor to third Juan Llamas to second
|
Batting: RHB Andres Arellano
|
0-0: Ball 1-0: Fielders Choice at 3rd, U5 (Groundball, 5L, EV 85.6 MPH)
|
Top of the 6th over - 1 run, 0 hits, 0 errors, 2 left on base; Los Angeles (DSL) 10 - Los Angeles (DSL) 5 |
BOTTOM OF THE 6TH |
Los Angeles (DSL) Dodgers Bautista batting - Pitching for Los Angeles (DSL) Dodgers Mega : LHP Rogelio Cardenas
|
Batting: RHB Daniel Mireles
|
0-0: Called Strike 0-1: Ball 1-1: SINGLE (Line Drive, 4MD, EV 109.4 MPH)
|
Batting: LHB Ezequiel Villalobos
|
0-0: Ball 1-0: Ball 2-0: Foul Ball, location: 25FF 2-1: Fly out, F5 (Popup, 5F, EV 63.8 MPH)
|
Batting: RHB Nelson Santizo
|
0-0: Ball 1-0: Called Strike 1-1: Foul Ball, location: 3F 1-2: Ball 2-2: Ball 3-2: Base on Balls Daniel Mireles to second
|
Batting: RHB Juan Mercedes
|
0-0: Ball 1-0: Swinging Strike 1-1: Swinging Strike 1-2: DOUBLE (Flyball, 8LXD, EV 108.8 MPH) Daniel Mireles scores Nelson Santizo to third
|
Batting: SHB Micha'el Pirbright
|
0-0: Ball 1-0: Foul Ball, location: 2F 1-1: Ball 2-1: Ball 3-1: Foul Ball, location: 5SF 3-2: Fly out, F5 (Flyball, 56D, EV 85.0 MPH)
|
Batting: RHB Luis Miramontes
|
0-0: Ball 1-0: Ball 2-0: Ball 3-0: Called Strike 3-1: Ground out 5-3 (Groundball, 56S, EV 72.5 MPH)
|
Bottom of the 6th over - 1 run, 2 hits, 0 errors, 2 left on base; Los Angeles (DSL) 10 - Los Angeles (DSL) 6 |
TOP OF THE 7TH |
Los Angeles (DSL) Dodgers Mega batting - Pitching for Los Angeles (DSL) Dodgers Bautista : LHP Eddy Erazo
|
Batting: LHB Luis Barba
|
0-0: Ball 1-0: Ball 2-0: Called Strike 2-1: Foul Ball, location: 2F 2-2: DOUBLE (Flyball, 89D, EV 106.9 MPH)
|
Batting: LHB Alfredo Bernal
|
0-0: Ball 1-0: Called Strike 1-1: Swinging Strike 1-2: Foul Ball, location: 2F 1-2: SINGLE (Line Drive, 78S, EV 98.1 MPH) Luis Barba to third
|
Batting: RHB Julio Marchany
|
0-0: Ball 1-0: Foul Ball, location: 2F 1-1: Ball 2-1: SINGLE (Groundball, 6MD, EV 110.6 MPH) Luis Barba scores Alfredo Bernal to second
|
Batting: RHB Julio Mercedes
|
0-0: Called Strike 0-1: TRIPLE (Line Drive, 78XD, EV 97.5 MPH) Alfredo Bernal scores Julio Marchany scores
|
Batting: RHB Ramiro Villasenor
|
0-0: Swinging Strike 0-1: DOUBLE (Line Drive, 7LM, EV 96.3 MPH) Julio Mercedes scores
|
Batting: LHB Alexis Villarreal
|
0-0: SINGLE (Groundball, 34D, EV 100.0 MPH) Ramiro Villasenor to third
|
Batting: LHB Juan Llamas
|
0-0: Ball 1-0: Ball 2-0: Ball 3-0: Base on Balls Alexis Villarreal to second
|
Batting: LHB Luis Luces
|
0-0: Called Strike 0-1: Ball 1-1: Fly out, F8 (Flyball, 8LS, EV 91.9 MPH)
|
Batting: RHB Andres Arellano
|
0-0: Ball 1-0: Called Strike 1-1: Ball 2-1: Called Strike 2-2: Foul Ball, location: 25FF 2-2: Ball 3-2: Base on Balls Ramiro Villasenor scores Alexis Villarreal to third Juan Llamas to second
|
Batting: LHB Luis Barba
|
0-0: Called Strike 0-1: Swinging Strike 0-2: Foul Ball, location: 3DF 0-2: DOUBLE (Line Drive, 7LM, EV 108.8 MPH) Alexis Villarreal scores Juan Llamas scores Andres Arellano to third
|
Pitching: RHP Arturo Morales
|
|
Batting: LHB Alfredo Bernal
|
0-0: Foul Ball, location: 7LMF 0-1: Ball 1-1: Ball 2-1: Ball 3-1: Ground out 4-3 (Groundball, 4, EV 85.6 MPH)
|
Batting: RHB Julio Marchany
|
0-0: Swinging Strike 0-1: Called Strike 0-2: Foul Ball, location: 2F 0-2: Ball 1-2: SINGLE (Groundball, 34D, EV 110.0 MPH) Andres Arellano scores Luis Barba to third
|
Batting: RHB Julio Mercedes
|
0-0: Ball Balk! Luis Barba scores Julio Marchany to second 1-0: Called Strike 1-1: Called Strike 1-2: Foul Ball, location: 2F 1-2: DOUBLE (Groundball, 5L, EV 100.0 MPH) Julio Marchany scores
|
Batting: RHB Ramiro Villasenor
|
0-0: Ball 1-0: Ground out 5-3 (Groundball, 5L, EV 102.5 MPH)
|
Top of the 7th over - 10 runs, 9 hits, 0 errors, 1 left on base; Los Angeles (DSL) 20 - Los Angeles (DSL) 6 |
BOTTOM OF THE 7TH |
Los Angeles (DSL) Dodgers Bautista batting - Pitching for Los Angeles (DSL) Dodgers Mega : LHP Rogelio Cardenas
|
Batting: RHB Juan Serrano
|
0-0: Ball 1-0: Ground out 5-3 (Groundball, 5, EV 91.9 MPH)
|
Batting: RHB Frank Mendoza
|
0-0: Foul Ball, location: 5F 0-1: Ball 1-1: Swinging Strike 1-2: Ball 2-2: Strikes out swinging
|
Batting: RHB Edgar Pacheco
|
0-0: Ball 1-0: Swinging Strike 1-1: Ball 2-1: Ball 3-1: Foul Ball, location: 2F 3-2: Foul Ball, location: 7LDF 3-2: Base on Balls
|
Batting: RHB Daniel Mireles
|
0-0: Ball 1-0: Called Strike 1-1: Ball 2-1: Foul Ball, location: 9LSF 2-2: Fly out, F7 (Flyball, 78S, EV 98.1 MPH)
|
Bottom of the 7th over - 0 runs, 0 hits, 0 errors, 1 left on base; Los Angeles (DSL) 20 - Los Angeles (DSL) 6 |
TOP OF THE 8TH |
Los Angeles (DSL) Dodgers Mega batting - Pitching for Los Angeles (DSL) Dodgers Bautista : RHP Arturo Morales
|
Batting: LHB Alexis Villarreal
|
0-0: Called Strike 0-1: SINGLE (Flyball, 3D, EV 98.1 MPH)
|
Batting: LHB Juan Llamas
|
0-0: Ball 1-0: Called Strike 1-1: Ball 2-1: Ball 3-1: Foul Ball, location: 7LSF 3-2: Foul Ball, location: 2F 3-2: 2-RUN HOME RUN (Flyball, 89XD, EV 105.6 MPH), Distance : 394 ft
|
Batting: LHB Luis Luces
|
0-0: Called Strike 0-1: Swinging Strike 0-2: Foul Ball, location: 7LMF 0-2: Hit by Pitch
|
Batting: RHB Andres Arellano
|
0-0: Called Strike 0-1: Ball 1-1: Hit by Pitch Luis Luces to second
|
Batting: LHB Luis Barba
|
0-0: Called Strike 0-1: Ball 1-1: Called Strike 1-2: Foul Ball, location: 2F 1-2: Ball 2-2: Ball 3-2: Fly out, F7 (Flyball, 7, EV 88.1 MPH)
|
Pitching: LHP Frank Rivera
|
|
Batting: LHB Alfredo Bernal
|
0-0: Ball 1-0: Ball 2-0: Called Strike 2-1: Called Strike 2-2: Ball 3-2: SINGLE (Line Drive, 9S, EV 91.3 MPH) Luis Luces to third Andres Arellano to second
|
Batting: RHB Julio Marchany
|
0-0: Called Strike 0-1: Ball 1-1: Ball 2-1: Foul Ball, location: 2F 2-2: Fly out, F9 (Flyball, 9S, EV 86.9 MPH)
|
Batting: RHB Julio Mercedes
|
0-0: Ball 1-0: Reached on error, E4 (Groundball, 4, EV 96.3 MPH) Luis Luces scores Andres Arellano to third Alfredo Bernal to second
|
Batting: RHB Ramiro Villasenor
|
0-0: Called Strike 0-1: Ball 1-1: Ball 2-1: Ball 3-1: SINGLE (Groundball, 6MD, EV 108.8 MPH) Andres Arellano scores Alfredo Bernal to third Julio Mercedes to second Runner from 3rd tries for Home, SAFE, throw by CF to home Julio Mercedes to third Ramiro Villasenor to second
|
Batting: LHB Alexis Villarreal
|
0-0: Ball 1-0: Swinging Strike 1-1: Swinging Strike 1-2: Strikes out swinging
|
Top of the 8th over - 5 runs, 4 hits, 1 error, 2 left on base; Los Angeles (DSL) 25 - Los Angeles (DSL) 6 |
BOTTOM OF THE 8TH |
Los Angeles (DSL) Dodgers Bautista batting - Pitching for Los Angeles (DSL) Dodgers Mega : LHP Rogelio Cardenas
|
Pitching: RHP Juan Batres
|
|
Batting: LHB Ezequiel Villalobos
|
0-0: Ball 1-0: Called Strike 1-1: DOUBLE (Line Drive, 7LM, EV 91.3 MPH)
|
Batting: RHB Nelson Santizo
|
0-0: Ball 1-0: Swinging Strike 1-1: Called Strike 1-2: Foul Ball, location: 2F 1-2: Ground out 4-3 (Groundball, 4M, EV 95.0 MPH)
|
Batting: RHB Juan Mercedes
|
0-0: Swinging Strike 0-1: Ball 1-1: Ball 2-1: Ground out 5-3 (Groundball, 5L, EV 104.4 MPH)
|
Batting: SHB Micha'el Pirbright
|
0-0: Foul Ball, location: 7LMF 0-1: Ball 1-1: Fly out, F7 (Flyball, 78S, EV 91.3 MPH)
|
Bottom of the 8th over - 0 runs, 1 hit, 0 errors, 1 left on base; Los Angeles (DSL) 25 - Los Angeles (DSL) 6 |
TOP OF THE 9TH |
Los Angeles (DSL) Dodgers Mega batting - Pitching for Los Angeles (DSL) Dodgers Bautista : LHP Frank Rivera
|
Batting: LHB Juan Llamas
|
0-0: Ball 1-0: Ball 2-0: Ball 3-0: Base on Balls
|
Batting: LHB Luis Luces
|
0-0: Swinging Strike 0-1: Ball Wild Pitch! Juan Llamas to second 1-1: Swinging Strike 1-2: Ball 2-2: Fly out, F4 (Line Drive, 4, EV 61.9 MPH)
|
Batting: RHB Andres Arellano
|
0-0: Ball 1-0: Ball 2-0: Ball 3-0: Called Strike 3-1: Foul Ball, location: 2F 3-2: Base on Balls
|
Batting: LHB Luis Barba
|
0-0: Ball 1-0: Fly out, F7 (Line Drive, 7S, EV 91.9 MPH)
|
Pitching: RHP Nelson Aguayo
|
|
Batting: LHB Alfredo Bernal
|
0-0: Foul Ball, location: 2F 0-1: Ball 1-1: Ball 2-1: Fly out, F9 (Line Drive, 9, EV 103.1 MPH)
|
Top of the 9th over - 0 runs, 0 hits, 0 errors, 2 left on base; Los Angeles (DSL) 25 - Los Angeles (DSL) 6 |
BOTTOM OF THE 9TH |
Los Angeles (DSL) Dodgers Bautista batting - Pitching for Los Angeles (DSL) Dodgers Mega : RHP Juan Batres
|
Batting: RHB Luis Miramontes
|
0-0: Fly out, F6 (Popup, 6, EV 68.1 MPH)
|
Batting: RHB Juan Serrano
|
0-0: DOUBLE (Line Drive, 7LD, EV 107.5 MPH)
|
Batting: RHB Frank Mendoza
|
0-0: Swinging Strike 0-1: Foul Ball, location: 25FF 0-2: Strikes out looking
|
Batting: RHB Edgar Pacheco
|
0-0: Ball 1-0: Ball 2-0: Called Strike 2-1: Called Strike 2-2: Ball 3-2: Base on Balls
|
Batting: RHB Daniel Mireles
|
0-0: Fly out, F8 (Line Drive, 8LD, EV 95.0 MPH)
|
Bottom of the 9th over - 0 runs, 1 hit, 0 errors, 2 left on base; Los Angeles (DSL) 25 - Los Angeles (DSL) 6 |
|